[Event "Titled Tuesday Blitz June 13 Late 2023"]
[White "Lashkin, Jegor"]
[Black "Vaglio Munoz, Jaime"]
[WhiteFideId "13907808"]
[BlackFideId "6500145"]
[WhiteElo "2368"]
[BlackElo "2199"]
[Result "1-0"]
[Round "3"]
[TimeControl "180+2"]
[Date "2023.06.13"]
[WhiteClock "0:00:03"]
[BlackClock "0:00:02"]
[Board "38"]

1. e4 d6 2. d4 Nf6 3. Nc3 e5 4. Nf3 Nbd7 5. Bc4 Be7 6. O-O O-O 7. a4 exd4 8. Nxd4 Ne5 9. Be2 Re8 10. f4 Ng6 11. Re1 Bf8 12. Bf1 Bd7 13. a5 a6 14. g3 c5 15. Nb3 Bc6 16. Bg2 h5 17. f5 Ne5 18. Bg5 Be7 19. Bf4 b5 20. axb6 Qxb6 21. h3 Nc4 22. Rb1 a5 23. Nd2 Nxd2 24. Qxd2 Qb7 25. Bf3 Qb4 26. Qg2 Nd7 27. Bxh5 Bf6 28. Bd2 Qb7 29. Bf3 Ne5 30. Be2 Rad8 31. Nd5 Bxd5 32. exd5 Re7 33. g4 Bh4 34. Red1 Rde8 35. Bxa5 Ng6 36. Bf1 Nf4 37. Qf3 g5 38. Bd2 Re4 39. c4 Ne2+ 40. Kg2 Nd4 41. Qd3 Re2+ 42. Kh1 Qe7 43. Bxe2 Nxe2 44. Be1 Nf4 45. Qf3 Bxe1 46. Rxe1 Qxe1+ 47. Rxe1 Rxe1+ 48. Kh2 Re2+ 49. Kg1 Re1+ 50. Kf2 Rb1 51. Qc3 Rxb2+ 52. Kf3 Rh2 53. Qf6 Rxh3+ 54. Kf2 Nd3+ 55. Kg1 Rg3+ 56. Kh2 Rxg4 57. Qxd6 Rxc4 58. Qd8+ Kh7 59. Qxg5 Nf4 60. Qh4+ Kg7 61. Qg5+ Kh7 62. d6 Rc2+ 63. Kg3 Ne2+ 64. Kg4 Nd4 65. Qh5+ Kg7 66. Qg5+ Kh7 67. Qf6 Rg2+ 68. Kh3 Rg7 69. d7 Ne2 70. Qh4+ Kg8 71. d8=Q# 1-0


[Site "https://www.chess.com"]

[Event "Titled Tuesday Blitz June 13 Late 2023"]
[White "Bazeev, German"]
[Black "Osmonbekov, Talaibek"]
[WhiteFideId "24119350"]
[BlackFideId "2017253"]
[WhiteElo "2466"]
[BlackElo "2135"]
[Result "1-0"]
[Round "3"]
[TimeControl "180+2"]
[Date "2023.06.13"]
[WhiteClock "0:00:46"]
[BlackClock "0:00:00"]
[Board "39"]

1. c4 e5 2. Nc3 d6 3. Nf3 f5 4. d4 e4 5. Ng5 Be7 6. h4 c6 7. e3 Nf6 8. Nh3 Be6 9. Nf4 Bf7 10. Be2 O-O 11. Bd2 a5 12. a3 Na6 13. h5 Nc7 14. g4 fxg4 15. Bxg4 Bxc4 16. Rg1 Kh8 17. Bf5 Bf7 18. Nxe4 Nxe4 19. Bxe4 Ne6 20. Ng6+ Bxg6 21. hxg6 h6 22. Qg4 Ng5 23. Bg2 d5 24. Rh1 Qc8 25. Qxc8 Raxc8 26. Bxa5 Rf6 27. f4 Ne4 28. Bxe4 dxe4 29. Rg1 c5 30. Bc3 Rcc6 31. d5 Rxg6 32. dxc6 Rxg1+ 33. Kf2 Rg6 34. c7 Rc6 35. Be5 Bf6 36. Rd1 1-0


[Site "https://www.chess.com"]

[Event "Titled Tuesday Blitz June 13 Late 2023"]
[White "Klinova, Masha"]
[Black "Sarana, Alexey"]
[WhiteFideId "2802015"]
[BlackFideId "24133795"]
[WhiteElo "2241"]
[BlackElo "2714"]
[Result "0-1"]
[Round "3"]
[TimeControl "180+2"]
[Date "2023.06.13"]
[WhiteClock "0:00:10"]
[BlackClock "0:02:00"]
[Board "40"]

1. e4 e5 2. Nf3 Nc6 3. Bc4 Bc5 4. d3 Nf6 5. O-O d6 6. a4 a6 7. Be3 Bxe3 8. fxe3 O-O 9. Nc3 Be6 10. Bxe6 fxe6 11. Qe2 Qe7 12. h3 d5 13. exd5 exd5 14. e4 dxe4 15. Nxe4 Nd5 16. Qf2 Nd4 17. Kh2 Nxf3+ 18. gxf3 Rf5 19. Rg1 Raf8 20. Rg3 g6 21. Rf1 Kh8 22. Qc5 Qd8 23. a5 Rh5 24. Re1 Nf4 25. Nf2 Ne6 26. Qc3 Nd4 27. Re3 Qd5 28. Qxc7 Nxf3+ 29. Rgxf3 Rxf3 30. Qc8+ Kg7 31. Rxf3 Qxf3 32. Qc7+ Qf7 33. Qc5 Qf4+ 34. Kg2 Rf5 35. Qe7+ Rf7 36. Qc5 h5 37. b4 h4 0-1


[Site "https://www.chess.com"]

[Event "Titled Tuesday Blitz June 13 Late 2023"]
[White "Kavutskiy, Konstantin"]
[Black "Deac, Bogdan-Daniel"]
[WhiteFideId "2026384"]
[BlackFideId "1226380"]
[WhiteElo "2323"]
[BlackElo "2644"]
[Result "0-1"]
[Round "3"]
[TimeControl "180+2"]
[Date "2023.06.13"]
[WhiteClock "0:00:00"]
[BlackClock "0:00:07"]
[Board "41"]

1. d4 b5 2. e4 Bb7 3. Bxb5 Bxe4 4. Nf3 c6 5. Bd3 Bxf3 6. Qxf3 d5 7. O-O Nf6 8. c3 e6 9. b4 a5 10. b5 cxb5 11. Bxb5+ Nbd7 12. c4 dxc4 13. Na3 Bb4 14. Nxc4 O-O 15. Bg5 Be7 16. Ne5 Nxe5 17. dxe5 Nd5 18. Bxe7 Nxe7 19. Rfd1 Qb8 20. Qe2 Ng6 21. Rd6 Qc7 22. Re1 Rab8 23. a4 Qc5 24. Rc6 Qb4 25. Rc4 Qb3 26. h4 h6 27. h5 Ne7 28. Rg4 Rfd8 29. Rc1 Nf5 30. Kh2 Rbc8 31. Rxc8 Rxc8 32. Qe4 Qb2 33. Qf4 Rc2 34. Kg1 Rc1+ 35. Kh2 Qb1 36. g3 Rh1+ 37. Kg2 Qg1+ 38. Kf3 Qd1+ 39. Kg2 Rg1+ 40. Kh2 Re1 41. Bc6 Rf1 42. Bg2 Rxf2 43. Rxg7+ Kxg7 44. Qxf2 Qxh5+ 45. Kg1 Qg4 46. Kh2 Qxa4 47. Bh3 Qe4 48. Bxf5 Qxf5 49. Qe3 a4 50. Kg2 Qc2+ 51. Kh3 Qd1 52. Kh2 Qh5+ 53. Kg2 Qg4 54. Qc3 h5 55. Kh2 h4 56. gxh4 Qxh4+ 57. Kg2 Qg4+ 58. Kf2 Kg6 59. Qc2+ Qf5+ 0-1


[Site "https://www.chess.com"]

[Event "Titled Tuesday Blitz June 13 Late 2023"]
[White "Bjelobrk, Igor"]
[Black "Anton Guijarro, David"]
[WhiteFideId "4300726"]
[BlackFideId "2285525"]
[WhiteElo "2319"]
[BlackElo "2618"]
[Result "0-1"]
[Round "3"]
[TimeControl "180+2"]
[Date "2023.06.13"]
[WhiteClock "0:00:04"]
[BlackClock "0:00:08"]
[Board "42"]

1. d4 d5 2. c4 e6 3. Nf3 c6 4. g3 dxc4 5. Bg2 b5 6. O-O Nd7 7. b3 cxb3 8. Qxb3 Bb7 9. Rd1 Ngf6 10. Ne5 Nxe5 11. dxe5 Nd7 12. Nc3 a6 13. Ne4 c5 14. Bg5 Qc7 15. Rd2 c4 16. Qe3 Bb4 17. Rd4 Nxe5 18. a3 Ng4 19. Qf3 Bc5 20. Qxg4 Bxd4 21. Bf4 f5 22. Qh5+ g6 23. Qh4 e5 24. Nf6+ Kf7 25. Rd1 Bxg2 26. Nxh7 Qe7 27. Bg5 Qb7 28. Be3 Bh1 29. Qf6+ Ke8 30. Qxh8+ Kd7 31. Qg7+ Kc6 32. Qxb7+ Kxb7 33. Kxh1 Bxe3 34. fxe3 a5 35. Nf6 Kc6 36. Nd7 b4 37. Nxe5+ Kc5 38. a4 b3 39. Rc1 b2 40. Rb1 c3 41. Nd3+ Kd5 42. Ne1 Rb8 43. Nc2 Kc4 44. Nd4 Rd8 45. Nc2 Kb3 46. Nd4+ Ka2 47. Rd1 b1=Q 48. Rxb1 Kxb1 49. Kg2 c2 50. Nxc2 Kxc2 51. h4 Kb3 52. Kf3 Kxa4 53. e4 fxe4+ 54. Kxe4 Kb5 55. g4 a4 0-1


[Site "https://www.chess.com"]

[Event "Titled Tuesday Blitz June 13 Late 2023"]
[White "Ibarra Jerez, Jose Carlos"]
[Black "Manukyan, Sargis A."]
[WhiteFideId "2226332"]
[BlackFideId "13303970"]
[WhiteElo "2631"]
[BlackElo "2187"]
[Result "1-0"]
[Round "3"]
[TimeControl "180+2"]
[Date "2023.06.13"]
[WhiteClock "0:01:16"]
[BlackClock "0:00:59"]
[Board "43"]

1. e4 c5 2. Nc3 d6 3. d4 cxd4 4. Qxd4 Nc6 5. Qd2 g6 6. b3 Bh6 7. f4 Nf6 8. Bb2 O-O 9. O-O-O e5 10. g3 Nh5 11. Nge2 exf4 12. gxf4 Qh4 13. Nd5 Be6 14. Kb1 Bxd5 15. Qxd5 Nxf4 16. Qb5 Nxe2 17. Bxe2 Qxe4 18. Bc4 Ne5 19. Rhe1 Qf5 20. Rxd6 Rae8 21. Rxe5 Qg4 22. Rxe8 Qg1+ 23. Bf1 Rxe8 24. Qxe8+ Bf8 25. Rd1 1-0


[Site "https://www.chess.com"]

[Event "Titled Tuesday Blitz June 13 Late 2023"]
[White "Budisavljevic, Luka"]
[Black "Bortnyk, Mykola"]
[WhiteFideId "960047"]
[BlackFideId "14120836"]
[WhiteElo "2419"]
[BlackElo "2592"]
[Result "0-1"]
[Round "3"]
[TimeControl "180+2"]
[Date "2023.06.13"]
[WhiteClock "0:00:00"]
[BlackClock "0:00:06"]
[Board "44"]

1. d4 d6 2. Nf3 Nd7 3. c4 e5 4. Nc3 c6 5. e4 Ngf6 6. Be2 Be7 7. O-O O-O 8. Be3 exd4 9. Nxd4 Nc5 10. f3 a5 11. Qd2 Qc7 12. Rad1 Re8 13. Kh1 Bf8 14. Bf4 Nh5 15. Bg5 Ne6 16. Be3 Nxd4 17. Qxd4 g6 18. f4 Bg7 19. Qxd6 Qxd6 20. Rxd6 Bxc3 21. bxc3 Rxe4 22. Rd8+ Kg7 23. Bd4+ f6 24. Bg4 c5 25. Bxc8 Rxc8 26. Rxc8 cxd4 27. cxd4 Rxd4 28. Rc7+ Kh6 29. g3 Ng7 30. Rxb7 Rxc4 31. Rd1 Nf5 32. Rdd7 Kh5 33. h3 Nxg3+ 34. Kg2 Kh4 35. Rxh7+ Nh5 36. f5 Rc2+ 37. Kf3 gxf5 38. Rb8 Rc3+ 39. Kf2 Rxh3 40. Rg8 a4 41. Rg6 a3 42. Kg2 f4 43. Rg8 f3+ 44. Kf2 f5 45. Rh6 Rh2+ 46. Kxf3 Rh3+ 47. Kg2 Rc3 48. Rgh8 Kg4 49. Rxh5 Rc2+ 50. Kf1 Rxa2 51. Rh3 Ra1+ 52. Kg2 Ra2+ 53. Kf1 Ra1+ 54. Ke2 a2 55. R8h4+ Kg5 56. Rh1 Rb1 57. Rh5+ Kg6 58. Rh6+ Kg5 59. R6h5+ Kf6 60. Rh6+ Ke5 0-1


[Site "https://www.chess.com"]

[Event "Titled Tuesday Blitz June 13 Late 2023"]
[White "Kramnik, Vladimir"]
[Black "Hajiyev, Kanan"]
[WhiteFideId "4101588"]
[BlackFideId "13404148"]
[WhiteElo "2703"]
[BlackElo "2115"]
[Result "1-0"]
[Round "3"]
[TimeControl "180+2"]
[Date "2023.06.13"]
[WhiteClock "0:01:49"]
[BlackClock "0:00:21"]
[Board "45"]

1. e4 c6 2. d4 d5 3. Nd2 a6 4. c3 h6 5. Bd3 dxe4 6. Nxe4 Bf5 7. Qf3 e6 8. Ne2 Nf6 9. Nxf6+ Qxf6 10. Bxf5 Qxf5 11. Qxf5 exf5 12. O-O Bd6 13. Bf4 Ke7 14. Rfe1 Bxf4 15. Nxf4+ Kd6 16. c4 Nd7 17. c5+ Kc7 18. Re7 Rhf8 19. d5 cxd5 20. Nxd5+ Kc6 21. Nb4+ Kxc5 22. Rxd7 Kxb4 23. Rxb7+ Ka5 24. a4 1-0


[Site "https://www.chess.com"]

[Event "Titled Tuesday Blitz June 13 Late 2023"]
[White "Mendez Fortes, Eduardo Jesus"]
[Black "Xiong, Jeffery"]
[WhiteFideId "3502376"]
[BlackFideId "2047640"]
[WhiteElo "2307"]
[BlackElo "2726"]
[Result "0-1"]
[Round "3"]
[TimeControl "180+2"]
[Date "2023.06.13"]
[WhiteClock "0:00:10"]
[BlackClock "0:01:41"]
[Board "46"]

1. e4 c5 2. Nf3 d6 3. d4 cxd4 4. Nxd4 Nf6 5. Nc3 a6 6. Bg5 e6 7. f4 b5 8. e5 dxe5 9. fxe5 Qc7 10. exf6 Qe5+ 11. Be2 Qxg5 12. O-O Ra7 13. Qd3 Rd7 14. Ne4 Qe5 15. Nf3 Qc7 16. Qe3 Bb7 17. c4 b4 18. Rad1 Bxe4 19. Qxe4 gxf6 20. Kh1 f5 21. Qe3 Bc5 22. Qg5 Rf8 23. Qg7 Rxd1 24. Rxd1 Nc6 25. Qxh7 Ne5 26. Ng5 Be7 27. Qg7 Qc5 28. Nh7 Qe3 29. Nf6+ Bxf6 30. Qxf6 Nd7 31. Rxd7 Kxd7 32. Bf1 Qf2 0-1


[Site "https://www.chess.com"]

[Event "Titled Tuesday Blitz June 13 Late 2023"]
[White "Sydoryka, Vladyslav"]
[Black "Tari, Aryan"]
[WhiteFideId "14145928"]
[BlackFideId "1510045"]
[WhiteElo "2269"]
[BlackElo "2586"]
[Result "1/2-1/2"]
[Round "3"]
[TimeControl "180+2"]
[Date "2023.06.13"]
[WhiteClock "0:00:02"]
[BlackClock "0:00:05"]
[Board "47"]

1. c4 c5 2. g3 e6 3. Bg2 d5 4. cxd5 exd5 5. Nf3 Nc6 6. d4 Nf6 7. O-O Be7 8. dxc5 O-O 9. a3 Bxc5 10. b4 Be7 11. Bb2 Ne4 12. Nfd2 Bf5 13. Nc3 Bf6 14. Ndxe4 Bxe4 15. Nxe4 Bxb2 16. Ra2 Bd4 17. b5 dxe4 18. bxc6 Qb6 19. e3 Bf6 20. Bxe4 bxc6 21. Qc2 h6 22. Qxc6 Qb3 23. Bd5 Qd3 24. Qc4 Qxc4 25. Bxc4 Rac8 26. Rc2 Rb8 27. Bd5 Rb5 28. e4 Ra5 29. Rb1 Rxa3 30. Rb7 Bd4 31. Rcc7 Rf3 32. Rc2 g6 33. Kg2 Rf6 34. f4 Rd6 35. Rcc7 Bb6 36. Rxf7 Rxf7 37. Bxf7+ Kh8 38. e5 Rd2+ 39. Kf3 Rd3+ 40. Ke4 Re3+ 41. Kd5 Kh7 42. Ke6 h5 43. Kf6 Bd8+ 44. Ke6 Kh6 45. Rxa7 Re2 46. Rd7 Bb6 47. Rd6 Bc5 48. Rc6 Bg1 49. Kd7 Kg7 50. Bxg6 h4 51. Bh5 Rd2+ 52. Rd6 Ra2 53. gxh4 Bxh2 54. Rf6 Ra7+ 55. Ke6 Ra6+ 56. Kf5 Ra4 57. Kg5 Bg3 58. Rf7+ Kg8 59. Rf6 Kg7 60. Bg4 Ra5 61. h5 Ra7 62. h6+ Kh8 63. Bf5 Ra8 64. Rc6 Rg8+ 65. Bg6 Rf8 66. f5 Bxe5 67. Re6 Bb2 68. f6 Bc1+ 69. Kf5 Bxh6 70. Re7 Bg7 71. Rxg7 Rxf6+ 72. Kxf6 1/2-1/2


[Site "https://www.chess.com"]

[Event "Titled Tuesday Blitz June 13 Late 2023"]
[White "Pap, Gyula"]
[Black "Perez, Maximiliano"]
[WhiteFideId "725323"]
[BlackFideId "117234"]
[WhiteElo "2519"]
[BlackElo "2334"]
[Result "1-0"]
[Round "3"]
[TimeControl "180+2"]
[Date "2023.06.13"]
[WhiteClock "0:00:11"]
[BlackClock "0:00:05"]
[Board "48"]

1. d4 Nf6 2. c4 e6 3. Nc3 Bb4 4. Qb3 c5 5. dxc5 Na6 6. a3 Bxc3+ 7. Qxc3 Nxc5 8. b4 Nce4 9. Qb2 d5 10. c5 d4 11. e3 Ng4 12. Nh3 Qh4 13. Qxd4 f5 14. Qxg7 Rf8 15. g3 Qd8 16. f3 Rf7 17. Qb2 Qd5 18. fxe4 fxe4 19. Nf4 Qf5 20. Bh3 e5 21. O-O exf4 22. Rxf4 Qg6 23. Bxg4 Bxg4 24. Qh8+ Ke7 25. Qxa8 Rxf4 26. Qxb7+ Kf8 27. Qb8+ Kg7 28. Bb2+ Kh6 29. Qxf4+ Kh5 1-0


[Site "https://www.chess.com"]

[Event "Titled Tuesday Blitz June 13 Late 2023"]
[White "Chigaev, Maksim"]
[Black "Piesik, Piotr"]
[WhiteFideId "4108116"]
[BlackFideId "1136194"]
[WhiteElo "2561"]
[BlackElo "2303"]
[Result "1-0"]
[Round "3"]
[TimeControl "180+2"]
[Date "2023.06.13"]
[WhiteClock "0:01:38"]
[BlackClock "0:01:10"]
[Board "49"]

1. g3 Nf6 2. Bg2 d5 3. Nf3 g6 4. O-O Bg7 5. d4 O-O 6. c4 dxc4 7. Na3 c3 8. bxc3 c5 9. e3 Nc6 10. Bb2 Bf5 11. Qe2 Be4 12. Rfd1 Qa5 13. Nc4 Qa6 14. Bf1 b5 15. Ncd2 c4 16. Nxe4 Nxe4 17. a4 Na5 18. Qc2 Nb3 19. Qxe4 Nxa1 20. Rxa1 bxa4 21. Ba3 Rab8 22. Bb4 Rfe8 23. Nd2 Rbc8 24. Qd5 e6 25. Qa5 1-0


[Site "https://www.chess.com"]

[Event "Titled Tuesday Blitz June 13 Late 2023"]
[White "Bayo Milagro, Alvaro"]
[Black "Horvath, Dominik"]
[WhiteFideId "22275240"]
[BlackFideId "1642561"]
[WhiteElo "2270"]
[BlackElo "2407"]
[Result "1/2-1/2"]
[Round "3"]
[TimeControl "180+2"]
[Date "2023.06.13"]
[WhiteClock "0:00:04"]
[BlackClock "0:00:11"]
[Board "50"]

1. d4 Nf6 2. Nf3 d5 3. c4 e6 4. g3 dxc4 5. Bg2 Nbd7 6. O-O c6 7. a4 b6 8. Qc2 Bb7 9. Rd1 Qc8 10. Qxc4 c5 11. Nc3 cxd4 12. Qxc8+ Rxc8 13. Nxd4 Bxg2 14. Kxg2 Bb4 15. Ndb5 a6 16. Nd6+ Bxd6 17. Rxd6 Ke7 18. Rd1 Nc5 19. Be3 Nb3 20. Ra3 Nc5 21. a5 b5 22. Na2 Nd5 23. Bxc5+ Rxc5 24. e4 Nf6 25. Kf3 Rc4 26. Re3 Nd7 27. b3 Ne5+ 28. Ke2 Rc2+ 29. Rd2 Rxd2+ 30. Kxd2 Rd8+ 31. Ke2 Nc6 32. Rc3 Nxa5 33. Rc7+ Kf6 34. Nb4 Nxb3 35. Nxa6 Nd4+ 36. Ke3 e5 37. Nc5 Kg6 38. f4 Nc2+ 39. Kf3 exf4 40. gxf4 b4 41. Rc6+ f6 42. f5+ Kh6 43. Ne6 Nd4+ 44. Nxd4 Rxd4 45. Rc7 Rd3+ 46. Kg4 Re3 47. Kf4 Rh3 48. Rb7 b3 49. Kg4 Re3 50. Kf4 Rh3 51. Kg4 Rc3 52. Kf4 g5+ 53. fxg6 hxg6 54. h4 Rh3 55. Kg4 Rc3 56. Kf4 Rd3 57. Kg4 Rd4 58. Kf3 f5 59. exf5 Rd3+ 60. Kf4 gxf5 61. Kxf5 Rf3+ 62. Ke4 Rh3 63. Kd4 Kh5 64. Kc4 Kxh4 65. Rh7+ Kg4 66. Rxh3 Kxh3 67. Kxb3 1/2-1/2


[Site "https://www.chess.com"]

[Event "Titled Tuesday Blitz June 13 Late 2023"]
[White "Harsh Suresh"]
[Black "Kim, Sergey"]
[WhiteFideId "45018464"]
[BlackFideId "13700570"]
[WhiteElo "2209"]
[BlackElo "2555"]
[Result "1-0"]
[Round "3"]
[TimeControl "180+2"]
[Date "2023.06.13"]
[WhiteClock "0:00:23"]
[BlackClock "0:00:54"]
[Board "51"]

1. e4 e5 2. Nf3 Nc6 3. Bc4 Bc5 4. O-O Nf6 5. d4 Bxd4 6. Nxd4 Nxd4 7. f4 d6 8. fxe5 dxe5 9. Bg5 Be6 10. Na3 Qe7 11. c3 Nc6 12. Bxf6 gxf6 13. Kh1 O-O 14. Qf3 Kg7 15. Bd5 Nd8 16. Nc2 c6 17. Bb3 a5 18. Ne3 a4 19. Bc2 b5 20. Qg3+ Kh8 21. Qh4 Nb7 22. Rxf6 Rg8 23. Raf1 Rg7 24. Qh5 Rag8 25. Qxe5 Qc5 26. Qf4 Nd6 27. e5 Nc4 28. Nxc4 Qxc4 29. Rh6 Qxf4 30. Rxf4 Rd8 31. Rf2 Bxa2 32. Rxc6 Bd5 33. Rd6 Rxd6 34. exd6 Rg6 35. Bxg6 1-0


[Site "https://www.chess.com"]

[Event "Titled Tuesday Blitz June 13 Late 2023"]
[White "Kushko, Dmitriy"]
[Black "Camilla_Lee"]
[WhiteFideId "14162261"]
[WhiteElo "2230"]
[BlackElo "2552"]
[Result "1-0"]
[Round "3"]
[TimeControl "180+2"]
[Date "2023.06.13"]
[WhiteClock "0:00:05"]
[BlackClock "0:00:01"]
[Board "52"]

1. Nf3 Nf6 2. g3 g6 3. Bg2 Bg7 4. O-O O-O 5. d4 d5 6. c4 c6 7. Qb3 dxc4 8. Qxc4 b5 9. Qc3 Bb7 10. Rd1 Qb6 11. Qe1 Nbd7 12. e4 c5 13. d5 c4 14. Be3 Nc5 15. Nc3 a6 16. e5 Nfd7 17. Bd4 Qc7 18. Qe3 e6 19. d6 Qc8 20. Ne1 Bxg2 21. Kxg2 Qc6+ 22. Kg1 f6 23. exf6 Bxf6 24. Bxf6 Rxf6 25. Rd2 Raf8 26. f4 b4 27. Ne2 e5 28. Rad1 e4 29. Nd4 Qb7 30. Rc2 Nb6 31. f5 Rxd6 32. fxg6 Rxg6 33. Rf2 Rxf2 34. Qxf2 Nd3 35. Nxd3 cxd3 36. Rf1 Qe7 37. Nf5 Qf6 38. Qc5 Nd7 39. Qxb4 h5 40. Ne7+ Kf7 41. Rxf6+ Rxf6 42. Nd5 Re6 43. Qd4 Ne5 44. Kf2 Ng4+ 45. Kg2 e3 46. Qf4+ Ke8 47. Nc7+ Kd7 48. Nxe6 e2 49. Qe4 d2 50. Nc5+ Kc7 51. Nxa6+ Kb6 52. Qxe2 d1=Q 53. Qxd1 Ne3+ 54. Kf3 Nxd1 55. Nb4 Nxb2 56. Kf4 Kc5 57. Nc2 Nd3+ 58. Kg5 Nc1 59. Kxh5 Nxa2 60. g4 Nc3 61. g5 Ne4 62. g6 Kd6 63. g7 Ke7 64. Kg6 Nf6 65. h4 Ng8 66. Ne3 Ke6 67. Ng4 Ne7+ 68. Kh6 Kf5 69. Ne3+ Kf4 70. Nd5+ 1-0


[Site "https://www.chess.com"]

[Event "Titled Tuesday Blitz June 13 Late 2023"]
[White "Fernandez Guillen, Ernesto J."]
[Black "Janaszak, Dawid"]
[WhiteFideId "3512428"]
[BlackFideId "1119206"]
[WhiteElo "2434"]
[BlackElo "2220"]
[Result "1-0"]
[Round "3"]
[TimeControl "180+2"]
[Date "2023.06.13"]
[WhiteClock "0:00:03"]
[BlackClock "0:00:00"]
[Board "53"]

1. e4 c5 2. Nf3 g6 3. d4 cxd4 4. Nxd4 Nc6 5. Nc3 Bg7 6. Be3 Nf6 7. Bc4 O-O 8. Bb3 Re8 9. h4 h5 10. f3 d5 11. exd5 Na5 12. Nde2 Nxb3 13. axb3 e6 14. dxe6 Bxe6 15. Qxd8 Raxd8 16. Kf2 a6 17. Rhd1 Nd5 18. Nxd5 Bxd5 19. Bd4 Bh6 20. g3 Bc6 21. Nf4 Bxf4 22. gxf4 Rd5 23. Be5 Red8 24. Rxd5 Rxd5 25. Ke3 Kf8 26. c4 Rd7 27. b4 Re7 28. Kd4 Rd7+ 29. Kc5 Bxf3 30. b5 axb5 31. Bf6 Rc7+ 32. Kxb5 Ke8 33. Ra3 Bg2 34. Rg3 Bf1 35. b3 Rc6 36. Bc3 Kd7 37. f5 gxf5 38. Rf3 Bg2 39. Rxf5 Ke7 40. Rxh5 Rg6 41. Re5+ Kd6 42. Rf5 Rg3 43. Kb4 Ke6 44. Rf6+ Ke7 45. Rh6 Bc6 46. Rh8 Rh3 47. h5 Be4 48. h6 Kd7 49. Bg7 Bc2 50. Bc3 Kc7 51. Rf8 Rxh6 52. Rxf7+ Kc8 53. Be5 Rb6+ 54. Kc5 Rxb3 55. Rc7+ Kd8 56. Rg7 Kc8 57. Kd6 Rd3+ 58. Kc5 1-0


[Site "https://www.chess.com"]

[Event "Titled Tuesday Blitz June 13 Late 2023"]
[White "Bryakin, Mikhail"]
[Black "Zavortink, Matt"]
[WhiteFideId "4165314"]
[BlackFideId "2034263"]
[WhiteElo "2464"]
[BlackElo "2474"]
[Result "1-0"]
[Round "3"]
[TimeControl "180+2"]
[Date "2023.06.13"]
[WhiteClock "0:01:34"]
[BlackClock "0:00:05"]
[Board "54"]

1. e4 e6 2. d4 d5 3. Nc3 Nf6 4. Bg5 dxe4 5. Nxe4 Be7 6. Bxf6 gxf6 7. Nf3 f5 8. Nc3 a6 9. g3 b5 10. Bg2 Bb7 11. O-O O-O 12. Re1 b4 13. Na4 Nd7 14. Qd2 c5 15. Rad1 Qa5 16. b3 cxd4 17. Nxd4 Bxg2 18. Kxg2 Qd5+ 19. Nf3 Qxd2 20. Nxd2 Rfd8 21. Nc4 Nc5 22. Nxc5 Bxc5 23. f4 Kf8 24. Ne5 a5 25. Nd7+ Rxd7 26. Rxd7 a4 27. Re2 axb3 28. cxb3 Ke8 29. Rc7 Bd6 30. Rc6 Kd7 31. Rc4 f6 32. Rd2 Ke7 33. Rc6 Rd8 34. Rb6 e5 35. Kf3 e4+ 36. Ke2 Rd7 37. Rd5 Ke6 38. Rd4 h5 39. Rdxb4 h4 40. Rd4 hxg3 41. hxg3 Ke7 42. b4 Ke6 43. a4 Ke7 44. a5 1-0


[Site "https://www.chess.com"]

[Event "Titled Tuesday Blitz June 13 Late 2023"]
[White "Tejedor Fuente, Enrique"]
[Black "Urbina Perez, Juan Antonio"]
[WhiteFideId "2299100"]
[BlackFideId "2217368"]
[WhiteElo "2496"]
[BlackElo "2197"]
[Result "1-0"]
[Round "3"]
[TimeControl "180+2"]
[Date "2023.06.13"]
[WhiteClock "0:00:25"]
[BlackClock "0:00:42"]
[Board "55"]

1. d4 d5 2. Bf4 e6 3. e3 Bd6 4. Bg3 Nf6 5. Nd2 b6 6. Ngf3 O-O 7. c4 Ba6 8. Rc1 dxc4 9. Bxc4 Bxc4 10. Nxc4 Bxg3 11. hxg3 Nbd7 12. O-O c5 13. a3 cxd4 14. Nxd4 Nc5 15. b4 Nce4 16. Nc6 Qxd1 17. Rfxd1 Rfe8 18. b5 Nd5 19. f3 Nec3 20. Rd2 Nxb5 21. e4 Nf6 22. a4 Nc7 23. Nd6 Na6 24. Nxe8 Rxe8 25. Nxa7 Nc5 26. Rc4 g5 27. Rd6 g4 28. Rxb6 Ncd7 29. a5 Ne5 30. Rc5 Nd3 31. Rg5+ Kh8 32. Rc6 h6 33. Rb5 Rd8 34. Rc8 Rxc8 35. Nxc8 gxf3 36. gxf3 Ne1 37. Kf2 Nc2 38. a6 Nd4 39. Rb8 1-0


[Site "https://www.chess.com"]

[Event "Titled Tuesday Blitz June 13 Late 2023"]
[White "Oro, Faustino"]
[Black "Bellissimo, Joseph F."]
[WhiteFideId "20000197"]
[BlackFideId "2609843"]
[WhiteElo "1984"]
[BlackElo "2103"]
[Result "1-0"]
[Round "3"]
[TimeControl "180+2"]
[Date "2023.06.13"]
[WhiteClock "0:00:16"]
[BlackClock "0:00:00"]
[Board "56"]

1. Nf3 Nf6 2. g3 b5 3. Bg2 Bb7 4. O-O e6 5. d3 Be7 6. Nbd2 c5 7. e4 d6 8. c3 Nbd7 9. Re1 O-O 10. d4 e5 11. d5 Re8 12. Nf1 Bf8 13. h3 g6 14. N1h2 Bg7 15. Bg5 h6 16. Bd2 Kh7 17. Qe2 Qb6 18. h4 c4 19. Bh3 Nc5 20. Be3 Nfxe4 21. h5 Bxd5 22. hxg6+ fxg6 23. Rad1 Qc6 24. Nh4 Nd3 25. Rxd3 cxd3 26. Qxd3 Be6 27. Bg2 d5 28. Rd1 Bf7 29. Nf1 Rad8 30. Nh2 Nc5 31. Qd2 Qc7 32. Ng4 g5 33. Nf5 d4 34. cxd4 exd4 35. Bxg5 hxg5 36. Qxg5 Bg6 37. Nxg7 Qxg7 38. Qxc5 d3 39. Qg5 Rd6 40. Bf1 Be4 41. Qh4+ Kg8 42. Bg2 Bxg2 43. Kxg2 d2 44. Ne3 Rxe3 45. fxe3 Qb7+ 46. Kf2 Qf7+ 47. Kg1 Qf3 48. Qg5+ Kf7 49. Qf4+ Qxf4 50. gxf4 Ke6 51. Kf2 Kf5 52. Ke2 Ke4 53. Rxd2 Rg6 54. Rd4+ Kf5 55. Kf3 Rc6 56. Rd5+ Kf6 57. Rxb5 Rc2 58. Ra5 Rxb2 59. Ra6+ Kf7 60. Rxa7+ Kf6 61. Ra6+ Kf7 62. a4 Ra2 63. e4 Ra3+ 64. Kg4 Kg7 65. Kf5 Kh7 66. Ra7+ Kh6 67. e5 Ra1 68. e6 1-0


[Site "https://www.chess.com"]

[Event "Titled Tuesday Blitz June 13 Late 2023"]
[White "Gasparyan, David"]
[Black "Darini, Pouria"]
[WhiteFideId "13311980"]
[BlackFideId "12502200"]
[WhiteElo "2440"]
[BlackElo "2482"]
[Result "0-1"]
[Round "3"]
[TimeControl "180+2"]
[Date "2023.06.13"]
[WhiteClock "0:00:00"]
[BlackClock "0:00:38"]
[Board "57"]

1. Nf3 d5 2. g3 Nd7 3. d4 Nb6 4. Bg2 Bf5 5. O-O e6 6. a4 a5 7. b3 c6 8. Nbd2 Nf6 9. Nh4 Bg4 10. Ba3 Bxa3 11. Rxa3 Qe7 12. Ra1 e5 13. dxe5 Qxe5 14. Nhf3 Qc3 15. Ra2 O-O 16. Qa1 Qxa1 17. Raxa1 Rfe8 18. Rfe1 Rad8 19. h3 Bf5 20. Nd4 Bg6 21. Rac1 Ne4 22. Nxe4 Bxe4 23. Bxe4 dxe4 24. e3 Nd5 25. c3 g6 26. Rc2 Rd7 27. Rb1 Ra8 28. Kf1 h5 29. Ke2 Kf8 30. Ra1 Ke7 31. Rb1 Nb6 32. Rd1 Rad8 33. Rcd2 Nd5 34. Rc2 Nc7 35. Rcd2 Na6 36. Nc2 Rxd2+ 37. Rxd2 Ra8 38. Nd4 Nc5 39. f3 exf3+ 40. Kxf3 Kf6 41. h4 Ke5 42. Kg2 Kf6 43. Kf3 Re8 44. Ra2 Ne4 45. Rc2 Ke5 46. b4 Ra8 47. b5 c5 48. Nb3 b6 49. Nd2 Nd6 50. c4 Rd8 51. Nf1 Ne4 0-1


[Site "https://www.chess.com"]

[Event "Titled Tuesday Blitz June 13 Late 2023"]
[White "Carrasco Miranda, Andres"]
[Black "Skvortsov, Andrei"]
[WhiteFideId "3405990"]
[BlackFideId "24108600"]
[WhiteElo "2183"]
[BlackElo "2259"]
[Result "0-1"]
[Round "3"]
[TimeControl "180+2"]
[Date "2023.06.13"]
[WhiteClock "0:00:00"]
[BlackClock "0:00:37"]
[Board "58"]

1. d4 g6 2. Nf3 Bg7 3. g3 e6 4. Bg2 Ne7 5. O-O d5 6. Nbd2 O-O 7. e4 dxe4 8. Nxe4 h6 9. c3 a5 10. a4 Nf5 11. Bf4 Ra7 12. Be5 f6 13. Bf4 g5 14. Bc1 Nd6 15. Re1 Nxe4 16. Rxe4 Nc6 17. h4 f5 18. Re1 g4 19. Nh2 Ne7 20. Qb3 Ra6 21. Bf4 Rb6 22. Qc2 Nd5 23. Be5 Bxe5 24. Rxe5 Nf6 25. Rae1 Bd7 26. Rxa5 Qe7 27. Qxf5 exf5 28. Rxe7 Rxb2 29. Ra7 Rb1+ 30. Nf1 c6 31. a5 Rf7 32. Rxf7 Kxf7 33. Kh2 Ke6 34. Ne3 Rb2 35. Kg1 Rb1+ 36. Bf1 Ne4 37. c4 Nd2 38. d5+ cxd5 39. cxd5+ Kd6 40. a6 bxa6 41. Rxa6+ Kc5 42. Kg2 Nxf1 43. Rxh6 Nxe3+ 44. fxe3 Rb2+ 45. Kg1 Kxd5 46. h5 Rb1+ 47. Kg2 Bc6 0-1


[Site "https://www.chess.com"]